 Dungeon Crawl Stone Soup version 0.30-a0-354-g6b83867211 (webtiles) character file.

Game seed: 17918569272324210042

2847 Lanoc the Prestidigitator (level 10, -10/56 HPs)
             Began as a Kobold Artificer on Nov 7, 2022.
             Was a Believer of Hepliaklqana.
             Mangled by a two-headed ogre
             ... wielding a +0 giant spiked club
              (13 damage)
             ... on level 8 of the Dungeon.
             The game lasted 00:10:36 (8108 turns).

Lanoc the Prestidigitator (Kobold Artificer)        Turns: 8108, Time: 00:10:37

Health: -10/56     AC:  5    Str:  9    XL:     10   Next: 4%
Magic:  10/10      EV: 20    Int: 18    God:    Hepliaklqana [**....]
Gold:   480        SH:  0    Dex: 23    Spells: 9/9 levels left

rFire   + . .      SeeInvis .    G - +6 mace "Luojaick" {flame, Int+4}
rCold   . . .      Faith    .    (no shield)
rNeg    + . .      Spirit   .    A - +2 leather armour of the Bulwark {rF+ rN+ Dex+4}
rPois   .          Reflect  .    (no helmet)
rElec   .          Harm     .    (no cloak)
rCorr   .          Rampage  .    (no gloves)
Will    +....                    (no boots)
Stlth   +++.......               (no amulet)
HPRegen 0.29/turn                w - +4 ring of slaying
MPRegen 0.12/turn                u - ring of willpower

@: no status effects
A: reduced essence, small, no large weapons, nightstalker 3
a: Renounce Religion, Recall Ancestor, Ancestor Identity


You were on level 8 of the Dungeon.
You worshipped Hepliaklqana.
Hepliaklqana was pleased with you.
You visited 1 branch of the dungeon, and saw 8 of its levels.

You collected 480 gold pieces.

Inventory:

Hand Weapons
 r - a +2 short sword of protection
 y - a +4 dagger
 D - a +5 spear
 G - the +6 mace "Luojaick" (weapon) {flame, Int+4}
   (You found it on level 7 of the Dungeon)

   It burns those it strikes, dealing additional fire damage.
   Int:       It affects your intelligence (+4).
Missiles
 E - a throwing net
Armour
 A - the +2 leather armour of the Bulwark (worn) {rF+ rN+ Dex+4}
   (You found it on level 5 of the Dungeon)

   Dex:       It affects your dexterity (+4).
   rF:        It protects you from fire.
   rN:        It protects you from negative energy.
Jewellery
 g - a ring of poison resistance
 u - a ring of willpower (right hand)
 w - a +4 ring of slaying (left hand)
Wands
 d - a wand of charming (8)
 e - a wand of iceblast (6)
 B - a wand of flame (12) (quivered)
Scrolls
 a - 3 scrolls of immolation {unknown}
 b - 2 scrolls of enchant armour {unknown}
 c - a scroll of fog {unknown}
 h - 4 scrolls of teleportation {unknown}
 i - a scroll of poison {unknown}
 j - 3 scrolls of identify {unknown}
 m - 2 scrolls of blinking {unknown}
 n - 3 scrolls of magic mapping {unknown}
 o - 3 scrolls of vulnerability {unknown}
 q - a scroll of silence {unknown}
 s - a scroll of torment {unknown}
Potions
 f - a potion of might {unknown}
 k - 4 potions of flight {unknown}
 l - 2 potions of brilliance {unknown}
 p - 5 potions of curing {unknown}
 t - 2 potions of mutation {unknown}
 v - 2 potions of resistance
 x - 5 potions of invisibility {unknown}
 z - a potion of ambrosia {unknown}
 C - a potion of haste
 F - 2 potions of cancellation {unknown}


   Skills:
 + Level 7.1 Fighting
 - Level 0.7 Armour
 + Level 8.2 Dodging
 - Level 1.3 Stealth
 * Level 11.6 Evocations


You had 9 spell levels left.
You didn't know any spells.
Your spell library contained the following spells:

 Spells                   Type           Power      Damage    Failure   Level
 Static Discharge         Conj/Air       0%         2-2/arc   41%         2
 Vhi's Electric Charge    Tloc/Air       0%         N/A       65%         3
 Arcjolt                  Conj/Air       0%         1d10      100%        5
 Lightning Bolt           Conj/Air       0%         1d11      100%        5


Dungeon Overview and Level Annotations

Branches:
Dungeon (8/15)             Temple (0/1) D:7
   Lair: D:8-11

Altars:
Cheibriados
Hepliaklqana
Uskayaw

Annotations:
D:6 1 transporter, minbekrie's ghost, novice MiFi


Innate Abilities, Weirdness & Mutations

Your life essence is reduced to manifest your ancestor. (-10% HP)
You are small and have problems with some larger weapons.
You are completely attuned to the shadows.


Message History

You swap places.
There is an open door here.
There is an open door here.
You now have 480 gold pieces (gained 7).
There is an open door here.
Done exploring.
You swap places.
There is an open door here.
There is a stone staircase leading down here.
You climb downwards.
There is a stone staircase leading up here.
The helpless two-headed ogre fails to defend itself.
You sock the two-headed ogre! You burn the two-headed ogre.
The two-headed ogre is lightly wounded.
Ahhotep barely misses the two-headed ogre.
The two-headed ogre hits you with a +0 giant spiked club!
The two-headed ogre barely misses you.
You hit the two-headed ogre but do no damage.
The two-headed ogre is lightly wounded.
Ahhotep hits the two-headed ogre with a +0 flail!
The two-headed ogre barely misses you.
The two-headed ogre hits you with a +0 giant club!!
* * * LOW HITPOINT WARNING * * *
Ahhotep hits the two-headed ogre with a +0 flail.
Ahhotep hits the two-headed ogre with a +0 flail!
Aiming: Throw Flame
Press: ? - help, Q - select action, (/) - cycle Shift-Dir - straight line, f - two-headed ogre
Aim: a two-headed ogre, wielding a +0 giant spiked club and a +0 giant club (heavily wounded, not watching you, ally target, 89% to hit)
The puff of flame hits the two-headed ogre.
The two-headed ogre is severely wounded.
Ahhotep hits the two-headed ogre with a +0 flail!
Aiming: Throw Flame
Press: ? - help, Q - select action, (/) - cycle Shift-Dir - straight line, f/p - two-headed ogre
Aim: a two-headed ogre, wielding a +0 giant spiked club and a +0 giant club (almost dead, not watching you, ally target, 89% to hit)
The puff of flame hits the two-headed ogre!
The two-headed ogre is almost dead.
The two-headed ogre hits you with a +0 giant spiked club!
* * * LOW HITPOINT WARNING * * *
The two-headed ogre hits you with a +0 giant club!
You die...

#.# ... .
.. ..
#.#.#.
.....#####
#@OR..#
....#<...#
#.#.##..##
. .# ..#
#. ....
....


You could see the friendly Ahhotep the knight and a two-headed ogre (ally
target).

Vanquished Creatures
  4 steam dragons
  Menkaure (D:5)
  An orc warrior (D:5)
  2 ice beasts
  2 ogres (D:5)
  A phantom (D:5)
  A bullfrog (D:7)
  A necrophage (D:5)
  3 scorpions
  4 wights (D:6)
  2 howler monkeys (D:7)
  A jelly (D:3)
  2 hounds
  An orc priest (D:7)
  4 orc wizards
  2 iguanas (D:6)
  12 gnolls
  8 adders
  A shadow imp (D:6)
  A white imp (D:5)
  An ufetubus (D:5)
  4 worms
  6 dart slugs
  13 orcs
  4 bats
  4 endoplasms
  4 giant cockroaches
  6 goblins
  4 hobgoblins
  5 kobolds
  A quokka (D:5)
  9 ball pythons
  2 frilled lizards
  6 rats
123 creatures vanquished.

Vanquished Creatures (collateral kills)
  A wraith (D:7)
  A centaur (D:7)
  A bullfrog (D:6)
  A gnoll sergeant (D:7)
  A gnoll bouda (D:6)
  2 orc wizards (D:7)
  2 gnolls (D:7)
  A rat (D:1)
10 creatures vanquished.

Vanquished Creatures (others)
  4 wights (D:6)
  A jelly (D:5)
  2 ancestors (D:6)
  An orc (D:6)
  A goblin (D:1)
9 creatures vanquished.

Grand Total: 142 creatures vanquished

Notes
Turn   | Place    | Note
-------+----------+-------------------------------------------
     0 | D:1      | Lanoc the Kobold Artificer began the quest for the Orb.
     0 | D:1      | Reached XP level 1. HP: 12/12 MP: 1/1
   119 | D:1      | Reached XP level 2. HP: 7/16 MP: 2/2
   228 | D:1      | Reached skill level 4 in Evocations
   591 | D:1      | Reached XP level 3. HP: 21/21 MP: 3/3
  1224 | D:2      | Reached XP level 4. HP: 26/26 MP: 4/4
  1389 | D:2      | Reached skill level 5 in Evocations
  2178 | D:3      | Reached XP level 5. HP: 26/31 MP: 5/5
  2294 | D:3      | Found a hazy altar of Hepliaklqana.
  2350 | D:3      | Became a worshipper of Hepliaklqana the Forgotten
  3028 | D:4      | Reached XP level 6. HP: 34/37 MP: 6/6
  3047 | D:4      | Found a hide-covered altar of Uskayaw.
  3047 | D:4      | Noticed an ice beast
  3057 | D:4      | Killed an ice beast
  3058 | D:4      | Reached skill level 6 in Evocations
  3635 | D:5      | Entered Level 5 of the Dungeon
  3635 | D:5      | Noticed Menkaure
  3643 | D:4      | Reached XP level 7. HP: 38/41 MP: 7/7
  3648 | D:5      | Killed Menkaure
  3649 | D:5      | Reached skill level 7 in Evocations
  3867 | D:5      | Identified the +2 leather armour of the Bulwark {rF+ rN+
                  | Dex+4}
  3879 | D:5      | Reached skill level 5 in Dodging
  4140 | D:5      | Reached * piety under Hepliaklqana
  4156 | D:5      | Reached skill level 8 in Evocations
  4156 | D:5      | Reached XP level 8. HP: 28/43 MP: 8/8
  4692 | D:5      | Reached skill level 5 in Fighting
  4715 | D:5      | Found a snail-covered altar of Cheibriados.
  5294 | D:6      | Reached skill level 9 in Evocations
  5475 | D:6      | Reached XP level 9. HP: 29/49 MP: 9/9
  5789 | D:6      | Found a transporter.
  5792 | D:6      | Noticed minbekrie's ghost (novice MiFi)
  5821 | D:6      | Reached skill level 10 in Evocations
  6550 | D:6      | Reached ** piety under Hepliaklqana
  6651 | D:6      | Remembered your ancestor Ahhotep as a knight
  6730 | D:7      | Reached skill level 11 in Evocations
  7236 | D:7      | Found a staircase to the Ecumenical Temple.
  7367 | D:7      | Reached XP level 10. HP: 56/56 MP: 10/10
  7628 | D:7      | Identified the +6 mace "Luojaick" {flame, Int+4}
  8103 | D:8      | Noticed a two-headed ogre
  8108 | D:8      | Mangled by a two-headed ogre

Illustrated notes

Levels and vault maps discovered:
D:1:      dpeg_arrival_boxorama, layout_rooms, minmay_misc_feat_ornament
D:2:      layout_basic, serial_curves, eino_curves_01, eino_curves_01
D:3:      layout_basic, lemuel_coloured_pillars_altar
D:4:      layout_basic, eat_drink_and_be_merry_uskayaw, kennysheep_another_room,
          hangedman_decor_growths
D:5:      layout_gridville, chei_slow_surprise, minmay_starry_boxes,
          uniq_menkaure
D:6:      layout_loops_corners, gammafunk_ghost_smash
D:7:      layout_loops_corners, minmay_temple_entry_glassed_door
D:8:      layout_gridville, minmay_lair_entry_grove, st_stairs_14, hex_large,
          david_defended_altar_orc, uniq_grum

Skill      XL: |  1  2  3  4  5  6  7  8  9 |
---------------+----------------------------+-----
Evocations     | 4 5 6 8 9 11 | 11.6
Dodging        | 3 4 5 6 8 |  8.2
Fighting       | 2 3 4 5 7 |  7.1
Armour         | |  0.7
Stealth        | |  1.3

Action                   |  1- 3 |  4- 6 |  7- 9 | 10-12 || total
-------------------------+-------+-------+-------+-------++-------
Melee: Club              |    13 |       |       |       ||    13
       Dagger            |   104 |    29 |   166 |    14 ||   313
       Short sword       |    19 |   112 |       |       ||   131
       Punch             |       |     1 |     2 |       ||     3
       Mace              |       |       |       |     2 ||     2
Invok: Ancestor Life: Kn |       |       |     1 |       ||     1
Evoke: Wand              |     5 |     7 |    26 |     2 ||    40
 Stab: Sleeping          |     7 |    15 |    10 |     1 ||    33
       Distracted        |       |       |     3 |       ||     3
Armor: Leather armour    |    40 |    28 |    29 |     7 ||   104
Dodge: Dodged            |   131 |    80 |   157 |    19 ||   387

Table legend: (Time is in decaauts)
 A = Elapsed time spent in this place.
 B = Non-inter-level travel time spent in this place.
 C = Inter-level travel time spent in this place.
 D = Time resting spent in this place.
 E = Time spent auto-exploring this place.
 F = Levels seen in this place.
 G = Mean time per level.
                   A        B        C        D        E       F      G
               +--------+--------+--------+--------+--------+-----+--------+
         Total |   8115 |   7915 |    200 |      0 |   6864 |   8 | 1014.4 |
       Dungeon |   8115 |   7915 |    200 |      0 |   6864 |   8 | 1014.4 |
               +--------+--------+--------+--------+--------+-----+--------+

Top non-repeatable levels by time:
     D:6: 1555 daAuts
     D:5: 1478 daAuts
     D:7: 1435 daAuts
     D:3: 1107 daAuts
     D:2: 977 daAuts
     D:1: 818 daAuts
     D:4: 736 daAuts
     D:8: 5 daAuts
